Cogmind - Beta 15 @@@ ROGUE MODE // 2025.05.11 @ 21:05:59 Player: mathSq Result: Destroyed by S-27 Virus with Autogun Performance ------------- Evolutions (5) 2500 Regions Visited (16) 3200 Robots Destroyed (192) 960 Value Destroyed (6910) 6910 Prototype IDs (54) 1080 Alien Tech Used (0) 0 Bonus (4296) 4296 TOTAL SCORE: 18946 Bonus ------- High Alert Combat Kills 404 Follower Combat Kills 1867 Network Hubs Disabled 200 Registered with UFD 300 Met Optimus in HQ 500 Built Enhanced Grunts 300 A7 Reached Mainframe 300 Met R17 at Cetus 500 Friendly Fire -75 Cogmind --------- Core Integrity 0/1000 Matter 300/300 Energy 100/100 System Corruption 18% Temperature Cool (0) Movement Core (50) Location -5/Upper Caves Parts ------- > --- POWER (2) -------- (None) > --- PROPULSION (4) --- (None) > --- UTILITY (8) ------ A0-MCA's Component Scanner > --- WEAPON (3) ------- (None) > --- INVENTORY (5) ---- Medium Treads Wheel Advanced Remote Datajack Improved Plasma Cutter Peak State ------------ > --- POWER ------------ Quantum Reactor Quantum Reactor > --- PROPULSION ------- Centrium Heavy Treads Centrium Heavy Treads > --- UTILITY ---------- Cryofiber Web Advanced Heat Sink Huge Storage Unit Advanced Particle Charger Improved Medium Armor Plating Centrium Medium Armor Plating Improved Hacking Suite A0-MCA's Component Scanner > --- WEAPON ----------- Advanced Variable Charge Gun Plasma Cannon Cooled Plasma Cannon > --- INVENTORY -------- Quantum Reactor Centrium Heavy Treads Centrium Heavy Treads Centrium Heavy Treads Advanced Heat Sink Advanced Heat Sink Advanced Energy Well Matter Compressor Seismic Detector Improved Particle Charger Hardened Medium Armor Plating Centrium Medium Armor Plating Centrium Medium Armor Plating Wave Gun Wave Gun Proton Cannon Neutron Cannon Rocket Launcher Improved Grenade Launcher Improved Plasma Cutter Phasing Sabre DRS Beacon [Rating: 131] Favorites ----------- Power Cooled Ion Engine Engine Cooled Ion Engine Power Core Neutrino Core Reactor Quantum Reactor Propulsion Light Treads Treads Light Treads Wheel Compact Wheel Utility Huge Storage Unit Device Cryofiber Web Storage Huge Storage Unit Processor A0-MCA's Component Scanner Hackware Hacking Suite Protection Centrium Medium Armor Plating Weapon Heavy Particle Cannon Energy Gun Improved Medium Laser Energy Cannon Heavy Particle Cannon Ballistic Gun Assault Rifle Ballistic Cannon Heavy Assault Cannon Launcher Rocket Launcher Special Weapon Advanced Remote Datajack Impact Weapon Hammer Slashing Weapon Phasing Sabre Special Melee Weapon Improved Datajack Build | -11 -10 -10 -9 -9 -8 -8 -8 -8 -6 -6 -6 -6 -6 -5 -5 -5 ------- Run | Yrd Mat Min Mat Min Mat Sto Rec Scr Fac Ext Cet Arc Hub Fac Upp Upp Slots Evolved 10 | . . . 2 . 2 . . . 4 . . . . 2 . . Power 1 | . . . . . . . . . 1 . . . . . . . Propulsion 2 | . . . 1 . . . . . 1 . . . . . . . Utility 6 | . . . . . 2 . . . 2 . . . . 2 . . Weapon 1 | . . . 1 . . . . . . . . . . . . . Parts Attached 151 | 7 7 3 24 2 27 9 1 3 11 10 8 5 4 17 8 5 Power 17 | 1 . . 4 1 4 . . . 1 . 2 . . 3 . 1 Engine 11 | 1 . . 4 1 4 . . . 1 . . . . . . . Core 2 | . . . . . . . . . . . . . . 1 . 1 Reactor 4 | . . . . . . . . . . . 2 . . 2 . . Propulsion 36 | 2 . . 7 1 6 3 . 1 2 3 2 1 . 2 3 3 Treads 32 | 2 . . 6 1 6 3 . 1 2 3 2 1 . 2 1 2 Leg . | . . . . . . . . . . . . . . . . . Wheel 4 | . . . 1 . . . . . . . . . . . 2 1 Hover . | . . . . . . . . . . . . . . . . . Flight . | . . . . . . . . . . . . . . . . . Utility 51 | 2 4 2 3 . 9 3 . 2 5 6 1 3 1 8 2 . Device 26 | 1 3 1 1 . 3 . . 1 2 5 1 2 1 3 2 . Storage 6 | 1 1 1 1 . . 2 . . . . . . . . . . Processor 2 | . . . 1 . . . . 1 . . . . . . . . Hackware 3 | . . . . . . 1 . . 1 . . . . 1 . . Protection 14 | . . . . . 6 . . . 2 1 . 1 . 4 . . Artifact . | . . . . . . . . . . . . . . . . . Weapon 47 | 2 3 1 10 . 8 3 1 . 3 1 3 1 3 4 3 1 Energy Gun 15 | . . . 5 . 5 . . . . . 2 . . . 2 1 Energy Cannon 19 | . 3 . 2 . 3 2 . . 2 1 1 . 2 3 . . Ballistic Gun 3 | 2 . . 1 . . . . . . . . . . . . . Ballistic Cannon 1 | . . . . . . . . . . . . . 1 . . . Launcher 4 | . . 1 1 . . 1 . . . . . . . . 1 . Special Weapon 1 | . . . . . . . . . . . . . . 1 . . Impact Weapon 1 | . . . 1 . . . . . . . . . . . . . Slashing Weapon 2 | . . . . . . . . . 1 . . 1 . . . . Piercing Weapon . | . . . . . . . . . . . . . . . . . Special Melee Weapon 1 | . . . . . . . 1 . . . . . . . . . Unidentified Prototypes 8 | . . . 4 . 3 1 . . . . . . . . . . Corrupted Parts 5 | . . . . . . . . . . . 2 1 . 1 1 . System Corruption 15 | . . . . . . . . . . . 10 2 . 1 2 . Parts Lost 66 | . . . 1 1 11 . . . 1 6 2 . 2 10 15 17 Power 7 | . . . . . 1 . . . . . . . . 3 1 2 Propulsion 18 | . . . 1 1 3 . . . . 3 . . . 2 3 5 Utility 23 | . . . . . 4 . . . 1 2 . . 1 3 7 5 Weapon 18 | . . . . . 3 . . . . 1 2 . 1 2 4 5 Highest Loss Streak 13 | . . . 1 1 5 . . . 1 2 1 . 1 9 13 10 To Critical Strikes 1 | . . . . . . . . . . . . . . . 1 . Average Backups 21 | 5 8 16 20 24 24 23 24 23 22 23 22 20 20 19 19 6 Power 1 | . . 1 1 1 1 1 1 1 . 1 1 1 1 . . . Propulsion 6 | 4 4 6 6 7 7 7 7 6 5 5 4 3 3 3 8 3 Utility 8 | . 1 3 7 8 8 9 10 10 11 10 9 10 9 7 5 . Weapon 5 | . 2 5 5 7 6 4 5 5 4 5 5 6 7 6 4 . Tool/Special . | . . . . . . . . . . . . . . . . . Unused Backups 64 | . 8 . 9 . 9 5 . 3 4 7 10 . 1 2 . 6 Power 8 | . 1 . 2 . . 2 . . . 1 2 . . . . . Propulsion 22 | . 6 . 2 . 3 1 . 1 . 1 5 . . . . 3 Utility 23 | . . . 5 . 3 2 . 1 4 2 2 . 1 1 . 2 Weapon 9 | . 1 . . . 2 . . 1 . 3 1 . . 1 . . Tool/Special 2 | . . . . . 1 . . . . . . . . . . 1 Average Slot Usage (%) 96 | . 99 100 99 99 99 99 100 99 96 99 88 85 85 87 83 47 Engine 8 | . 14 14 11 10 8 9 9 9 13 13 5 . . . . . Reactor 2 | . . . . . . . . . . . 6 13 13 10 10 1 Treads 24 | . 28 28 30 33 26 27 27 27 25 25 15 13 12 11 10 9 Device 16 | . 14 14 10 11 18 18 18 18 15 20 20 19 20 20 20 10 Storage 8 | . 14 14 11 11 9 9 9 9 6 6 6 6 6 5 5 2 Processor 2 | . . . . . . . . 1 6 6 6 6 6 5 5 5 Hackware 2 | . . . . . . 7 9 7 . . . . . 2 . . Protection 3 | . . . . . 8 1 . . 5 6 6 6 6 11 9 . Energy Gun 5 | . . . 13 32 15 . . . . . 2 5 5 2 5 8 Energy Cannon 16 | . 25 28 19 . 11 26 25 18 19 20 16 9 12 13 10 1 Special Melee Weapon 1 | . . . . . . . 1 9 . . . . . . . . Peak Build Rating 131 | 7 9 12 21 21 32 38 32 44 58 61 111 110 115 131 129 101 Average Rating 48 | 5 7 9 16 19 26 30 31 34 54 57 92 107 107 125 120 59 On Entrance 50 | . 7 8 12 19 19 28 32 32 42 56 58 107 109 111 126 95 Naked Turns . | . . . . . . . . . . . . . . . . . Heaviest Build 165 | 15 22 52 97 97 112 116 108 103 134 132 152 152 155 165 152 128 Greatest Support 160 | 40 40 40 60 60 62 62 62 65 85 92 160 160 160 160 160 160 Greatest Overweight (x) 3 | 1 . 1 3 1 1 1 1 1 1 1 1 . 1 1 . 2 Average Overweight (x) . | . . . 1 1 1 1 1 1 1 1 . . . . . . Largest Inventory Capacity 25 | 8 10 20 25 25 25 25 25 25 25 25 25 25 25 25 25 25 Average Capacity 23 | 7 8 19 22 25 25 25 25 25 25 25 25 25 25 25 25 13 Most Carried 25 | 8 10 20 25 25 25 25 25 25 25 25 25 25 25 25 23 12 Average Carried 22 | 5 8 16 20 24 24 24 25 24 23 24 24 24 24 23 21 6 Final Capacity 25 | 8 10 20 25 25 25 25 25 25 25 25 25 25 25 25 25 5 Final Carried 25 | 8 10 20 25 25 25 25 25 25 25 25 25 25 25 23 12 4 Class Distribution -------------------- 34% | Mutant 20% | Tank 20% | Scavenger-Tank 12% | Scavenger-Gunner 8% | Gunner 3% | Scavenger-Mutant Dominant Class ---------------- Mutant | -10/Materials Mutant | -10/Mines Scavenger-Gunner | -9/Materials Scavenger-Gunner | -9/Mines Tank | -8/Materials Gunner | -8/Storage Gunner | -8/Recycling Mutant | -8/Scraptown Tank | -6/Factory Tank | -6/Extension Scavenger-Tank | -6/Cetus Scavenger-Tank | -6/Archives Scavenger-Tank | -6/Hub_04(d) Scavenger-Tank | -5/Factory Scavenger-Tank | -5/Upper Caves Mutant | -5/Upper Caves Resources | -11 -10 -10 -9 -9 -8 -8 -8 -8 -6 -6 -6 -6 -6 -5 -5 -5 ----------- Run | Yrd Mat Min Mat Min Mat Sto Rec Scr Fac Ext Cet Arc Hub Fac Upp Upp Matter Collected 4146 | 342 80 94 545 267 320 130 50 160 371 289 116 247 131 535 386 83 Remotely . | . . . . . . . . . . . . . . . . . Salvage Created 8383 | 109 286 149 1070 325 952 465 106 . 922 1224 133 315 489 1125 360 353 Parts 390 | 10 8 7 70 16 52 36 8 . 28 40 5 16 21 51 12 10 Haulers Intercepted 15 | . 2 . 5 . 4 2 . . . . . . 1 1 . . Recyclers Shooed 3 | . 1 1 . . . . . . . 1 . . . . . . Parts Field Recycled . | . . . . . . . . . . . . . . . . . Retrieved Matter . | . . . . . . . . . . . . . . . . . Parts Self-Destructed 29 | . . . . . . . . . . . . . . . 11 18 Prevented 2 | . . . . . . . . . . . . . . . 1 1 Kills | -11 -10 -10 -9 -9 -8 -8 -8 -8 -6 -6 -6 -6 -6 -5 -5 -5 ------- Run | Yrd Mat Min Mat Min Mat Sto Rec Scr Fac Ext Cet Arc Hub Fac Upp Upp Combat Hostiles Destroyed 144 | . 2 6 23 7 19 8 2 . 14 20 2 . 6 16 13 6 Guns 40 | . . . 8 7 14 . . . . . . . 1 2 2 6 Cannons 86 | . 2 4 12 . 3 8 2 . 14 17 2 . 5 12 5 . AOE 11 | . . 2 3 . . . . . . . . . . . 6 . Classes Destroyed 15 | 1 4 1 2 1 1 . . . 1 . . . 1 1 1 1 Worker 5 | . . . 1 . 2 . . . . . . . . 2 . . Builder 1 | . . . . . . . . . . . . . . 1 . . Tunneler 8 | 5 . . 1 1 . . . . . . . . . 1 . . Hauler 15 | . 2 . 5 . 4 2 . . . . . . 1 1 . . Recycler 6 | . 1 . 1 . . 1 . . 2 1 . . . . . . Operator 12 | . 1 . 1 . . 1 . . . . . 9 . . . . Swarmer 39 | . . 3 10 . 7 4 . . 3 4 . . . . 6 2 Grunt 55 | . 2 3 8 6 8 . . . 7 9 . . 4 4 2 2 Brawler 1 | . . . . . . . . . . . . . . . 1 . Duelist 5 | . . . . 1 . . . . . 2 . . . . . 2 Sentry 22 | . . . 5 . 3 4 2 . 2 3 . . . 2 1 . Hunter 8 | . . . . . 1 . . . . 2 . . . 5 . . Programmer 11 | . . . . . . . . . 2 . . . 1 5 3 . Heavy 1 | . . . . . . . . . . . . . 1 . . . Cetus Guard 2 | . . . . . . . . . . . 2 . . . . . Enhanced Grunt 1 | . . . . . . . . . . . . . 1 . . . Decomposer 1 | . . . . . . . . . . . . . . . 1 . Samaritan 2 | . . . . . . . . . . . . . . . . 2 Best Kill Streak 6 | 2 2 3 5 2 4 6 2 . 3 4 1 2 2 5 5 5 Combat Bots Only 5 | . 2 3 4 2 3 5 2 . 3 3 1 . 2 3 5 5 Max Kills in Single Turn 3 | 1 1 2 2 1 2 2 1 . 1 2 1 1 1 2 3 1 Gunslinging 1 | . . . . . 1 . . . . . . . . . . . Exploded 3 | . . 2 2 . . . . . . . . . . . 3 . Melee . | . . . . . . . . . . . . . . . . . Uniques/NPCs Destroyed . | . . . . . . . . . . . . . . . . . Combat | -11 -10 -10 -9 -9 -8 -8 -8 -8 -6 -6 -6 -6 -6 -5 -5 -5 -------- Run | Yrd Mat Min Mat Min Mat Sto Rec Scr Fac Ext Cet Arc Hub Fac Upp Upp Hostile Shots Fired 1263 | . 8 10 66 21 144 27 6 . 158 181 16 9 27 277 102 211 Missed 383 | . . 3 18 2 38 5 4 . 70 63 9 4 9 79 15 64 Hits 880 | . 8 7 48 19 106 22 2 . 88 118 7 5 18 198 87 147 Melee 11 | . . . . . . . . . . . . . . . . 11 Projectile 869 | . 8 7 48 19 106 22 2 . 88 118 7 5 18 198 87 136 Critical Strikes 31 | . . . 2 . 3 . 2 . 3 3 2 1 . 6 3 6 Damage Taken 14260 | . 105 104 568 235 1470 201 29 . 1067 1148 359 86 471 3804 1921 2692 Core 1615 | . 37 16 71 49 65 8 . . 99 82 182 . . 242 217 547 Absorbed by Shields 709 | . . . . . . . . . 113 164 76 30 46 . 43 237 Reduced by Siege Mode 135 | . . . . . . . . . . . . . . . 135 . Redirected to Shielding 9 | . . . . . 9 . . . . . . . . . . . Ignored by Resistances 191 | . . . . . . . . . . 121 . . . . 70 . Regen/Repaired (Parts) 454 | . . . 59 . . . . . 168 . . . . 227 . . Core Remaining (%) 78 | 100 . 78 . 70 . . . 86 . . . . 57 . . . Volleys Fired 434 | 12 12 7 48 14 60 13 2 . 41 51 23 33 16 59 24 19 Largest 3 | 2 2 2 3 3 3 3 3 . 3 3 3 3 3 3 3 3 Hottest 410 | 40 120 120 180 168 211 225 225 . 240 240 240 230 400 410 309 252 Shots Fired 1106 | 24 24 14 137 41 160 31 6 . 116 137 50 91 47 125 61 42 Gun 370 | 24 . . 44 41 130 . . . . . 12 34 15 13 20 37 Cannon 722 | . 24 13 91 . 30 31 6 . 116 137 38 57 32 112 30 5 Launcher 14 | . . 1 2 . . . . . . . . . . . 11 . Special . | . . . . . . . . . . . . . . . . . Kinetic 25 | 24 . . 1 . . . . . . . . . . . . . Thermal 1053 | . 24 13 134 41 160 31 6 . 116 137 50 91 47 111 50 42 Explosive 14 | . . 1 2 . . . . . . . . . . . 11 . Electromagnetic 14 | . . . . . . . . . . . . . . 14 . . Robot Hit Streak 23 | 11 8 8 22 9 11 8 5 . 13 19 7 6 8 8 14 23 Robot Miss Streak 8 | 2 2 1 4 4 4 1 . . 2 8 7 8 2 2 3 4 Penetration Max . | . . . . . . . . . . . . . . . . . Secondary Targets 8 | . . . . . 4 . . . . . . . . . . 4 Max Gunslinging Chain 1 | . . . . . 1 . . . . . . . . . . 1 Shots Hit Robots 668 | 17 16 8 76 28 92 15 5 15 71 86 21 49 30 74 34 31 Core Hits 288 | 5 6 8 34 9 35 12 2 . 28 36 8 19 13 27 31 15 Critical Kills 4 | . . . . . . . . . . 1 . 1 1 1 . . Critical Parts Destroyed . | . . . . . . . . . . . . . . . . . Critical Strikes 18 | . . . 2 4 7 . . . . 1 . 1 2 1 . . Burn 14 | . . . 2 4 7 . . . . . . . 1 . . . Meltdown 4 | . . . . . . . . . . 1 . 1 1 1 . . Melee Attacks 38 | . . . . 4 . . 2 15 2 1 . 3 . . . 11 Impact 4 | . . . . 4 . . . . . . . . . . . . Slashing 16 | . . . . . . . . . 2 . . 3 . . . 11 Piercing . | . . . . . . . . . . . . . . . . . Sneak Attacks 21 | . . . . . . . 2 15 . 1 . 3 . . . . Combat Hostiles . | . . . . . . . . . . . . . . . . . Follow-up Attacks . | . . . . . . . . . . . . . . . . . Damage Inflicted 19045 | 221 288 237 1498 509 1812 470 81 . 1899 2525 596 1550 1158 3265 1960 976 Guns 5080 | 221 . . 513 500 1560 . . . . . . 385 388 496 394 623 Cannons 12319 | . 278 140 895 . 252 470 81 . 1899 2499 596 835 760 2738 763 113 Explosions 1056 | . . 87 83 . . . . . . . . . . 24 803 59 Melee 511 | . . . . . . . . . . . . 330 . . . 181 Ramming 79 | . 10 10 7 9 . . . . . 26 . . 10 7 . . Kinetic 221 | 221 . . . . . . . . . . . . . . . . Thermal 16935 | . 278 140 1408 500 1812 470 81 . 1899 2499 596 1220 1148 2932 1157 795 Explosive 973 | . . 87 83 . . . . . . . . . . . 803 . Electromagnetic 326 | . . . . . . . . . . . . . . 326 . . Impact . | . . . . . . . . . . . . . . . . . Slashing 511 | . . . . . . . . . . . . 330 . . . 181 Piercing . | . . . . . . . . . . . . . . . . . Highest Corruption 18 | . 1 1 5 5 . . 1 . 2 2 12 14 4 8 18 18 Average Corruption 4 | . 1 1 4 5 . . 1 . 1 2 7 8 1 5 9 18 Corruption Purged 13 | . . . . . . . . . . . . 13 . . . . Corruption Blocked . | . . . . . . . . . . . . . . . . . Effects 220 | . 3 10 39 28 . . . . 10 30 19 23 2 11 29 16 Message Errors 50 | . . 2 8 6 . . . . 2 5 6 7 1 4 4 5 Matter Fused 56 | . 2 5 9 11 . . . . 1 5 6 6 1 4 5 1 Heat Flow Errors 25 | . . . 9 2 . . . . 2 2 2 2 . 1 3 2 Energy Discharges 29 | . 1 1 2 4 . . . . 3 6 2 3 . 1 5 1 Parts Rejected 1 | . . . 1 . . . . . . . . . . . . . Parts Fused 1 | . . . . . . . . . . . . 1 . . . . Data Loss (minor) 24 | . . 1 2 2 . . . . . 6 2 1 . 1 7 2 Data Loss (major) 10 | . . 1 5 1 . . . . . . . . . . 3 . Misfires 11 | . . . . 1 . . . . 1 4 1 2 . . 1 1 Alerts 5 | . . . 1 1 . . . . 1 2 . . . . . . Misdirections 2 | . . . . . . . . . . . . . . . . 2 Weapon Failures 6 | . . . 2 . . . . . . . . 1 . . 1 2 Overload Shots 25 | . . . . . . . . . . . 10 . 4 9 2 . Effects 2 | . . . . . . . . . . . 1 . . 1 . . Energy Bleed 1 | . . . . . . . . . . . . . . 1 . . Heat Surge 1 | . . . . . . . . . . . 1 . . . . . Overflow Damage 534 | . . . 42 . 12 . . . 28 43 . 193 . 158 21 37 Projectiles 320 | . . . 22 . 12 . . . 28 43 . 13 . 158 7 37 Explosions 34 | . . . 20 . . . . . . . . . . . 14 . Melee 180 | . . . . . . . . . . . . 180 . . . . Knockbacks . | . . . . . . . . . . . . . . . . . Impact . | . . . . . . . . . . . . . . . . . Kinetic . | . . . . . . . . . . . . . . . . . Secondary . | . . . . . . . . . . . . . . . . . Self-Inflicted Damage 351 | . . . 34 . . . . . . . . . . 35 260 22 Shots 11 | . . . 1 . . . . . . . . . . 1 8 1 Rammed 11 | . 2 2 1 . . . . . . 2 . . 2 2 . . Targets Rammed 14 | . 3 2 2 1 . . . . . 2 . . 2 2 . . Kicked . | . . . . . . . . . . . . . . . . . Crushed 3 | . 1 . 1 1 . . . . . . . . . . . . Highest Temperature 971 | . 126 120 474 311 398 41 14 . 364 413 971 176 518 467 587 192 Average Temperature 149 | . 40 43 137 117 113 28 14 . 117 135 303 52 223 152 192 99 Received Heat Transfer 2558 | . 63 57 180 126 567 27 54 . 266 332 12 12 84 117 267 394 Effects 40 | . . . 7 3 . . . . . 2 9 . 10 1 8 . Shutdowns 1 | . . . 1 . . . . . . . . . . . . . Energy Bleed 9 | . . . . . . . . . . 2 1 . 4 1 1 . Interference 8 | . . . 4 3 . . . . . . . . . . 1 . Matter Decay 4 | . . . . . . . . . . . 1 . . . 3 . Short Circuit 3 | . . . 2 . . . . . . . . . 1 . . . Damage (minor) 3 | . . . . . . . . . . . . . 1 . 2 . Damage (major) 11 | . . . . . . . . . . . 6 . 4 . 1 . Damage (core) 1 | . . . . . . . . . . . 1 . . . . . Siege Activations 2 | . . . . . . . . . . . . . . . 2 . Total Turns 55 | . . . . . . . . . . . . . . . 55 . Longest Duration 29 | . . . . . . . . . . . . . . . 29 . Martial Activations . | . . . . . . . . . . . . . . . . . Shielding Activations . | . . . . . . . . . . . . . . . . . Robots Disrupted . | . . . . . . . . . . . . . . . . . Combat Hostiles . | . . . . . . . . . . . . . . . . . Robots Corrupted 1 | . . . . . . . . . . . . . . 1 . . Combat Hostiles 1 | . . . . . . . . . . . . . . 1 . . Parts Fried 4 | . . . . . . . . . . 2 . . . 2 . . Impact Corruptions . | . . . . . . . . . . . . . . . . . Robots Melted 8 | . . . . . 2 . . . . 3 . 1 1 1 . . Combat Hostiles 6 | . . . . . 2 . . . . 3 . . . 1 . . Parts Melted 71 | . 2 . 8 . 12 5 . . 7 14 1 6 3 8 3 2 Heat Transferred 26524 | . 592 296 3145 1332 4181 666 111 . 2794 3766 987 2182 1541 2838 981 1112 Parts Sabotaged . | . . . . . . . . . . . . . . . . . Parts Stolen . | . . . . . . . . . . . . . . . . . Parts Stripped . | . . . . . . . . . . . . . . . . . Power Chain Reactions 2 | . . . 1 . . . . . . . . . . . . 1 Alert | -11 -10 -10 -9 -9 -8 -8 -8 -8 -6 -6 -6 -6 -6 -5 -5 -5 ------- Run | Yrd Mat Min Mat Min Mat Sto Rec Scr Fac Ext Cet Arc Hub Fac Upp Upp Maximum Alert Level 3 | . . . 1 . . . . . . 1 . 1 3 2 . . Low Security (%) 84 | 100 100 100 75 100 100 100 100 . 100 95 100 89 15 . . . Level 1 5 | . . . 24 . . . . . . 4 . 10 37 2 . . Level 2 7 | . . . . . . . . . . . . . 6 97 . . Level 3 1 | . . . . . . . . . . . . . 41 . . . Level 4 . | . . . . . . . . . . . . . . . . . Level 5 . | . . . . . . . . . . . . . . . . . High Security . | . . . . . . . . . . . . . . . . . Max Security . | . . . . . . . . . . . . . . . . . Peak Influence 1081 | 10 51 106 342 61 136 121 97 . 163 272 154 217 1081 558 . . Initial 525 | . . . . . . 18 27 . . 18 147 45 . 525 . . Average 103 | . 7 16 93 8 64 42 25 . 84 45 96 110 486 472 . . Influence Increases 6996 | 25 82 225 860 180 549 307 196 . 509 853 332 312 1410 581 335 240 Destroy 0b10 Robot/C 3660 | . 40 140 480 140 380 160 40 . 280 520 160 80 540 320 260 120 Destroy 0b10 Robot/NC 275 | 25 20 . 50 5 30 20 . . 10 15 10 45 20 25 . . Destroy Leader 726 | . 14 30 152 20 78 54 . . 70 74 . . 114 90 30 . Allied During Kill 990 | . . 37 22 . . . . . . 98 103 125 598 7 . . Successful Hack 278 | . 7 . 66 . 8 34 33 . 49 57 . . . 24 . . Select Force Hacks 170 | . . . . . . . 120 . . . . . 50 . . . Disable Machine 330 | . . 15 60 . 15 30 . . 30 45 15 60 15 45 . . Destroy Structure 237 | . 1 3 30 . 8 9 3 . 10 29 44 2 28 70 . . Lose Combat Pursuer 330 | . . . . 15 30 . . . 60 15 . . 45 . 45 120 Influence Decreases 6933 | 25 82 225 860 180 504 281 267 . 470 629 482 424 339 1119 741 305 Entered New Map 1048 | . . . . . . 27 44 . . 21 116 68 1 547 199 25 Time Decay 4600 | 25 82 225 492 170 404 254 180 . 460 494 246 356 258 452 392 110 Lost Part 620 | . . . 10 10 100 . . . 10 30 20 . 20 100 150 170 Lost Ally 220 | . . . 40 . . . . . . . 100 . 60 20 . . Purge Threat 445 | . . . 318 . . . 43 . . 84 . . . . . . Squads Dispatched 29 | . . . 4 . 1 1 . . 4 2 . . 9 7 . 1 Investigation 13 | . . . 3 . . . . . 1 1 . . 4 4 . . Extermination 5 | . . . . . . . . . 2 . . . 1 2 . . Reinforcement 10 | . . . 1 . 1 1 . . 1 1 . . 4 1 . . Assault 1 | . . . . . . . . . . . . . . . . 1 Garrison . | . . . . . . . . . . . . . . . . . Intercept . | . . . . . . . . . . . . . . . . . Searches Triggered . | . . . . . . . . . . . . . . . . . Construction Impeded 2 | . . . . . . . . . . 1 . . . 1 . . Haulers Reinforced 1 | . . . . . . . . . 1 . . . . . . . Active Scanning Responses . | . . . . . . . . . . . . . . . . . Cargo Convoy Interrupts . | . . . . . . . . . . . . . . . . . Stealth | -11 -10 -10 -9 -9 -8 -8 -8 -8 -6 -6 -6 -6 -6 -5 -5 -5 --------- Run | Yrd Mat Min Mat Min Mat Sto Rec Scr Fac Ext Cet Arc Hub Fac Upp Upp Distress Signals 17 | . . . 2 . 5 2 . . . 3 2 . 1 2 . . Communications Jammed . | . . . . . . . . . . . . . . . . . Distress Signals . | . . . . . . . . . . . . . . . . . Times Spotted 291 | . 5 7 36 8 40 10 2 . 27 36 10 23 26 22 19 20 Peak Tracking Total 8 | . 2 3 5 3 8 6 2 . 5 7 5 3 6 6 5 7 Tactical Retreats 14 | . . . . 1 2 . . . 3 1 . . 2 . 1 4 Traps | -11 -10 -10 -9 -9 -8 -8 -8 -8 -6 -6 -6 -6 -6 -5 -5 -5 ------- Run | Yrd Mat Min Mat Min Mat Sto Rec Scr Fac Ext Cet Arc Hub Fac Upp Upp Traps Triggered 11 | . 1 . 4 . . . . . . 6 . . . . . . Indirectly . | . . . . . . . . . . . . . . . . . Trap Hack Attempts . | . . . . . . . . . . . . . . . . . Triggered . | . . . . . . . . . . . . . . . . . Disarmed . | . . . . . . . . . . . . . . . . . Reprogrammed . | . . . . . . . . . . . . . . . . . Reused . | . . . . . . . . . . . . . . . . . Traps Extracted . | . . . . . . . . . . . . . . . . . Installed . | . . . . . . . . . . . . . . . . . Triggered . | . . . . . . . . . . . . . . . . . Machines | -11 -10 -10 -9 -9 -8 -8 -8 -8 -6 -6 -6 -6 -6 -5 -5 -5 ---------- Run | Yrd Mat Min Mat Min Mat Sto Rec Scr Fac Ext Cet Arc Hub Fac Upp Upp Machines Disabled 26 | . . 1 4 . 1 2 . . 2 4 2 4 1 3 1 1 Max in Single Turn 1 | . . 1 1 . 1 1 . . 1 . 1 1 . 1 1 1 Network Hub 1 | . . . . . . . . . . . . . 1 . . . Energy Cycler 1 | . . . . . . . . . . 1 . . . . . . Machines Repaired . | . . . . . . . . . . . . . . . . . Machines Dismantled . | . . . . . . . . . . . . . . . . . Machines Sabotaged 1 | . . . . . . . . . . . . . 1 . . . Overloaded Fab Kills . | . . . . . . . . . . . . . . . . . Hacking | -11 -10 -10 -9 -9 -8 -8 -8 -8 -6 -6 -6 -6 -6 -5 -5 -5 --------- Run | Yrd Mat Min Mat Min Mat Sto Rec Scr Fac Ext Cet Arc Hub Fac Upp Upp Machines Accessed 69 | . 6 . 9 . 3 5 10 11 6 6 2 . 4 5 2 . Terminals 38 | . 4 . 5 . 3 5 4 . 3 6 2 . 4 2 . . Fabricators . | . . . . . . . . . . . . . . . . . Repair Stations 4 | . . . 1 . . . . . 1 . . . . 2 . . Recycling Units 9 | . 2 . 1 . . . 4 . 1 . . . . 1 . . Scanalyzers 2 | . . . 2 . . . . . . . . . . . . . Garrison Access 1 | . . . . . . . . . 1 . . . . . . . Total Hacks 255 | . 22 . 31 . 8 11 49 74 12 15 3 . 7 15 8 . Successful 184 | . 10 . 17 . 2 6 39 74 8 8 1 . 5 6 8 . Failed 71 | . 12 . 14 . 6 5 10 . 4 7 2 . 2 9 . . Catastrophic 16 | . 3 . 4 . . 1 . . 2 1 2 . . 3 . . Database Lockouts . | . . . . . . . . . . . . . . . . . Manual 52 | . 8 . 5 . 3 6 4 . 4 7 1 . 5 9 . . Terminals 108 | . 16 . 19 . 8 11 15 . 7 15 3 . 7 7 . . Fabricators . | . . . . . . . . . . . . . . . . . Repair Stations 9 | . . . 2 . . . . . 2 . . . . 5 . . Recycling Units 23 | . 6 . 2 . . . 10 . 2 . . . . 3 . . Scanalyzers 8 | . . . 8 . . . . . . . . . . . . . Garrison Access 1 | . . . . . . . . . 1 . . . . . . . Terminal Hacks 152 | . 8 . 10 . 2 6 31 74 4 5 1 . 1 2 8 . Record 107 | . 1 . . . . . 24 73 1 . 1 . . . 7 . Part Schematic 4 | . 1 . . . . 1 1 . . 1 . . . . . . Robot Analysis 5 | . 1 . 2 . . . 1 . . . . . . 1 . . Prototype ID Bank 4 | . . . 1 . . 1 1 . . 1 . . . . . . Open Door 4 | . . . . . . 2 . . . 1 . . . . 1 . Level Access Points 1 | . . . 1 . . . . . . . . . . . . . Branch Access Points 3 | . . . . . 1 1 . . 1 . . . . . . . Terminal Index 3 | . 1 . . . . . . . 1 . . . . 1 . . Recycling Unit Index 1 | . . . . . . . 1 . . . . . . . . . Alert Level 2 | . . . 1 . . . 1 . . . . . . . . . Unreport Threat 7 | . . . 3 . . . 2 . . 2 . . . . . . Locate Traps 1 | . 1 . . . . . . . . . . . . . . . Dispatch Records 1 | . 1 . . . . . . . . . . . . . . . Hauler Manifests 2 | . 1 . . . 1 . . . . . . . . . . . Zone Layout 6 | . 1 . 2 . . 1 . . 1 . . . 1 . . . Proto ID Catalog 1 | . . . . . . . . 1 . . . . . . . . Fabricator Hacks . | . . . . . . . . . . . . . . . . . Repair Station Hacks 4 | . . . 2 . . . . . 2 . . . . . . . Scan Component 2 | . . . 1 . . . . . 1 . . . . . . . Repair 2 | . . . 1 . . . . . 1 . . . . . . . Recycling Unit Hacks 7 | . 2 . . . . . 4 . . . . . . 1 . . Retrieve Matter 1 | . . . . . . . 1 . . . . . . . . . Retrieve Components 6 | . 2 . . . . . 3 . . . . . . 1 . . Scanalyzer 5 | . . . 5 . . . . . . . . . . . . . Insert Component 3 | . . . 3 . . . . . . . . . . . . . Analyze 2 | . . . 2 . . . . . . . . . . . . . Garrison Access Hacks . | . . . . . . . . . . . . . . . . . Unauthorized Hacks 16 | . . . . . . . 4 . 2 3 . . 4 3 . . Terminals 9 | . . . . . . . . . 1 3 . . 4 1 . . Botnet 5 | . . . . . . . . . 1 3 . . . 1 . . Sabotage 4 | . . . . . . . . . . . . . 4 . . . Fabricators . | . . . . . . . . . . . . . . . . . Repair Stations 1 | . . . . . . . . . . . . . . 1 . . Patch 1 | . . . . . . . . . . . . . . 1 . . Recycling Units 6 | . . . . . . . 4 . 1 . . . . 1 . . Tunnel 4 | . . . . . . . 4 . . . . . . . . . Fedlink 2 | . . . . . . . . . 1 . . . . 1 . . Scanalyzers . | . . . . . . . . . . . . . . . . . Garrison Access . | . . . . . . . . . . . . . . . . . Data Cores Recovered 1 | . 1 . . . . . . . . . . . . . . . Used . | . . . . . . . . . . . . . . . . . Hacking Detections 44 | . 5 . 9 . 3 4 7 . 6 4 1 . 1 4 . . Full Trace Events 8 | . 1 . 2 . . . 3 . . . . . . 2 . . Feedback Events 1 | . . . . . . . 1 . . . . . . . . . Corruption 1 | . . . . . . . 1 . . . . . . . . . Feedback Blocked . | . . . . . . . . . . . . . . . . . Robot Schematics Acquired . | . . . . . . . . . . . . . . . . . Robots Built . | . . . . . . . . . . . . . . . . . Authchips . | . . . . . . . . . . . . . . . . . Time . | . . . . . . . . . . . . . . . . . Total Robot Build Rating . | . . . . . . . . . . . . . . . . . Part Schematics Acquired 6 | . 1 . 2 . . 1 1 . . 1 . . . . . . Parts Built . | . . . . . . . . . . . . . . . . . Authchips . | . . . . . . . . . . . . . . . . . Time . | . . . . . . . . . . . . . . . . . Total Part Build Rating . | . . . . . . . . . . . . . . . . . Parts Repaired 2 | . . . 1 . . . . . 1 . . . . . . . Time 32 | . . . 13 . . . . . 19 . . . . . . . Parts Recycled . | . . . . . . . . . . . . . . . . . Recycled Matter . | . . . . . . . . . . . . . . . . . Retrieved Matter . | . . . . . . . . . . . . . . . . . Retrieved Components 17 | . 13 . . . . . 2 . . . . . . 2 . . Parts Scanalyzed 2 | . . . 2 . . . . . . . . . . . . . Part Schematics Acquired 2 | . . . 2 . . . . . . . . . . . . . Parts Damaged 1 | . . . 1 . . . . . . . . . . . . . Bothacking | -11 -10 -10 -9 -9 -8 -8 -8 -8 -6 -6 -6 -6 -6 -5 -5 -5 ------------ Run | Yrd Mat Min Mat Min Mat Sto Rec Scr Fac Ext Cet Arc Hub Fac Upp Upp Used RIF Installer . | . . . . . . . . . . . . . . . . . Robots Hacked 18 | . . . . . . . 2 15 . 1 . . . . . . Non-combat 3 | . . . . . . . 1 2 . . . . . . . . Combat 15 | . . . . . . . 1 13 . 1 . . . . . . Robot Hacks Applied 18 | . . . . . . . 2 15 . 1 . . . . . . parse_system 18 | . . . . . . . 2 15 . 1 . . . . . . Relay Couplers Released 3 | . . . . . . . . . . . . . . 3 . . Programmers 3 | . . . . . . . . . . . . . . 3 . . Fabnet Peak Effective % . | . . . . . . . . . . . . . . . . . Robots Rewired 7 | . . . . . . . . . . 7 . . . . . . Allies Hacked . | . . . . . . . . . . . . . . . . . Hacks Repelled . | . . . . . . . . . . . . . . . . . Allies | -11 -10 -10 -9 -9 -8 -8 -8 -8 -6 -6 -6 -6 -6 -5 -5 -5 -------- Run | Yrd Mat Min Mat Min Mat Sto Rec Scr Fac Ext Cet Arc Hub Fac Upp Upp Total Allies 19 | . . 5 . . . . . . . 9 5 . . . . . Largest Group 6 | . . 4 4 . . . . . . 6 6 6 5 1 . . Highest-Rated Group 639 | . . 77 77 . . . . . . 291 639 632 473 89 . . Highest-Rated Ally 159 | . . 31 31 . . . . . . 159 159 159 96 89 . . Total Orders . | . . . . . . . . . . . . . . . . . Ally Attacks 237 | . . 15 11 . . . . . . 43 44 28 88 8 . . Total Damage 7308 | . . 166 110 . . . . . . 1098 1479 1054 3153 248 . . Kills 47 | . . 1 2 . . . . . . 8 8 4 24 . . . Allies Corrupted 1 | . . . 1 . . . . . . . . . . . . . Allies Melted 2 | . . . . . . . . . . . . . 2 . . . Intel | -11 -10 -10 -9 -9 -8 -8 -8 -8 -6 -6 -6 -6 -6 -5 -5 -5 ------- Run | Yrd Mat Min Mat Min Mat Sto Rec Scr Fac Ext Cet Arc Hub Fac Upp Upp Active Infowar (turns) 7368 | 18 391 1085 301 1242 710 378 97 . 160 984 35 . 414 793 760 . Seismic 7368 | 18 391 1085 301 1242 710 378 97 . 160 984 35 . 414 793 760 . Robot Analysis Total 5 | . 1 . 2 . . . 1 . . . . . . 1 . . Derelict Logs Recovered 4 | . . 1 . 2 . . . . . . . . . . 1 . Drone Launches . | . . . . . . . . . . . . . . . . . Drone Recoveries . | . . . . . . . . . . . . . . . . . Exploration | -11 -10 -10 -9 -9 -8 -8 -8 -8 -6 -6 -6 -6 -6 -5 -5 -5 ------------- Run | Yrd Mat Min Mat Min Mat Sto Rec Scr Fac Ext Cet Arc Hub Fac Upp Upp Turns Passed 19666 | 239 516 1589 1543 1368 1517 670 595 4038 1287 2045 529 814 609 1135 935 237 Spaces Moved 7889 | 104 259 658 652 526 512 241 247 1705 458 719 242 214 317 400 486 149 Core 53 | 3 . . . . . . . . . . . . . . . 50 Treads 7564 | 101 259 658 462 526 512 241 247 1705 458 719 242 214 317 400 486 17 Legs . | . . . . . . . . . . . . . . . . . Wheels 272 | . . . 190 . . . . . . . . . . . . 82 Hover . | . . . . . . . . . . . . . . . . . Flight . | . . . . . . . . . . . . . . . . . Fastest Speed 50 | 50 160 160 145 240 235 235 235 235 238 238 160 160 160 160 160 50 Average Speed 213 | 157 160 232 186 240 237 235 235 235 239 239 175 160 160 214 160 89 Slowest Speed 242 | 160 160 240 240 240 240 235 235 235 242 242 240 160 240 240 160 163 Overloaded Moves . | . . . . . . . . . . . . . . . . . Propulsion Burnouts . | . . . . . . . . . . . . . . . . . Robots Hopped . | . . . . . . . . . . . . . . . . . Potential Cave-ins 8 | . . . . . . . . . . 8 . . . . . . Cave-ins Triggered . | . . . . . . . . . . . . . . . . . Exploration Rate (%) 53 | 5 46 98 64 97 36 40 61 95 11 69 78 80 28 15 64 24 Regions Visited 16 Branch Regions 11 Pre-discovered Areas 9 | . . 1 . 1 . . 4 . . . . . . 1 2 . Known Exits Taken 4 | . . . . 1 1 1 . . 1 . . . . . . . Unknown Exits Taken 12 | 1 1 1 1 . . . 1 1 . 1 1 1 1 1 1 . Scrap Searched 10 | . . 3 . 1 . . . 4 . . . . . . 1 1 Spaces Dug 81 | . . . . . 6 1 . . 6 1 3 . 7 10 47 . Terrain Destroyed 222 | . . 3 22 . 11 7 3 . 8 23 3 . 8 33 91 10 Melee 2 | . . . . . . . . . 2 . . . . . . . Projectile 113 | . . . . . 11 7 3 . 6 23 3 . 8 33 17 2 AOE 107 | . . 3 22 . . . . . . . . . . . 74 8 Terrain Rammed . | . . . . . . . . . . . . . . . . . Walls Destroyed . | . . . . . . . . . . . . . . . . . Machines Disabled . | . . . . . . . . . . . . . . . . . Actions | -11 -10 -10 -9 -9 -8 -8 -8 -8 -6 -6 -6 -6 -6 -5 -5 -5 --------- Run | Yrd Mat Min Mat Min Mat Sto Rec Scr Fac Ext Cet Arc Hub Fac Upp Upp Total 9838 | 152 341 702 879 592 697 330 256 1746 556 935 312 608 381 559 590 202 Wait 779 | 21 30 19 91 32 34 33 3 . 19 12 8 341 21 43 58 14 Move 7873 | 103 258 657 651 525 511 240 246 1704 457 718 241 213 316 399 485 149 Hop . | . . . . . . . . . . . . . . . . . Pick Up 165 | 9 13 11 19 3 25 9 . 11 12 17 10 3 2 18 2 1 Fast Attach 62 | 6 2 . 14 2 10 3 . 1 . 3 4 7 7 . 1 2 Attach 69 | 1 1 . 5 1 15 . . . 6 7 2 1 1 14 11 4 Detach 12 | . 1 . 3 . 5 . . 1 . 1 1 . . . . . Swap 134 | . 5 4 17 6 12 13 3 2 13 19 5 2 6 19 8 . Drop 168 | . 16 2 29 4 25 19 . 12 6 15 18 5 10 5 1 1 Fire 434 | 12 12 7 48 14 60 13 2 . 41 51 23 33 16 59 24 19 Melee 38 | . . . . 4 . . 2 15 2 1 . 3 . . . 11 Ram . | . . . . . . . . . . . . . . . . . Kick . | . . . . . . . . . . . . . . . . . Crush 14 | . 3 2 2 1 . . . . . 2 . . 2 2 . . Escape Stasis 10 | . . . . . . . . . . 10 . . . . . . Rewire 79 | . . . . . . . . . . 79 . . . . . . Trap . | . . . . . . . . . . . . . . . . . Miscellaneous 1 | . . . . . . . . . . . . . . . . 1 Route ------- -11/Scrapyard -10/Materials (discovered 2 exits: *Mat / [*Min]) -10/Mines (discovered 2 exits: *Mat x2) -9/Materials (discovered 4 exits: *Mat x3 / [*Min]) -9/Mines (discovered 3 exits: *Mat x2 / [*Zio]) -8/Materials (discovered 4 exits: Fac x2 / *Sto x2) -8/Storage -8/Recycling -8/Scraptown (discovered 2 exits: *Fac x2) -6/Factory (discovered 4 exits: *Low x2 / *Ext x2) -6/Extension (discovered 2 exits: *Fac / *Cet) -6/Cetus (discovered 2 exits: *Fac / [*Arc]) -6/Archives (discovered 3 exits: *Fac / *Hub x2) -6/Hub_04(d) (discovered 2 exits: *Fac x2) -5/Factory (discovered 2 exits: [*Fac] / *Upp) -5/Upper Caves -5/Upper Caves History --------- Turn | Location | Event 46 | -11/Scrapyard | Discovered new exit (range 14) 240 | -11/Scrapyard | Entered Materials 241 | -10/Materials | Met a group of wandering Federalists 318 | -10/Materials | Build established: Mutant 513 | -10/Materials | Discovered new exit (range 7) 575 | -10/Materials | Discovered new exit (range 16) 756 | -10/Materials | Entered Mines 809 | -10/Mines | Assisted by bots powering up and referring to "LRC-V3" 894 | -10/Mines | Received a Rocket Launcher from a helpful Derelict 943 | -10/Mines | Learned location of Storage (-8) 1083 | -10/Mines | Discovered new exit (range 9) 1189 | -10/Mines | Found a damaged Exp. Sensor Array with a note attached 1199 | -10/Mines | Found Prototype Device 1855 | -10/Mines | Discovered new exit (range 12) 2345 | -10/Mines | Entered Materials 2345 | -9/Materials | Accompanied by 4 allies 2345 | -9/Materials | Evolved 2 slots: Propulsion x1, Weapon x1 2350 | -9/Materials | Led the pair of lost Derelicts to an unsafe place 2602 | -9/Materials | Repaired Lgt. Treads 2654 | -9/Materials | Identified Exp. Sensor Array 2659 | -9/Materials | Build established: Gunner 2961 | -9/Materials | Discovered new exit (range 11) 3139 | -9/Materials | Discovered new exit (range 7) 3182 | -9/Materials | Build established: Scavenger-Gunner 3380 | -9/Materials | Identified exit to Materials 3578 | -9/Materials | Discovered new exit (range 11) 3888 | -9/Materials | Entered Mines 3982 | -9/Mines | Met a Derelict bent on vengeance 4027 | -9/Mines | Excavation squad dispatched 4027 | -9/Mines | A large section of the Mines collapsed 4149 | -9/Mines | Discovered exit to Materials (range 10) 4689 | -9/Mines | A Derelict revealed a hidden shortcut to a safe place 4736 | -9/Mines | Discovered exit to Materials (range 12) 4763 | -9/Mines | Learned location of 1 exit from Materials 5256 | -9/Mines | Entered Materials 5256 | -8/Materials | Evolved 2 slots: Utility x2 5257 | -8/Materials | Identified exit to Factory 5553 | -8/Materials | Build established: Scavenger-Tank 5819 | -8/Materials | Lost 5 parts (2n2u1w) 5911 | -8/Materials | Lost 4 parts (1n1u2w) 6011 | -8/Materials | Discovered new exit (range 14) 6164 | -8/Materials | Build established: Tank 6665 | -8/Materials | Identified exit to Storage 6773 | -8/Materials | Entered Storage 7020 | -8/Storage | Identified exit to Recycling 7121 | -8/Storage | Build established: Gunner 7433 | -8/Storage | Used back door to open Recycling access 7443 | -8/Storage | Entered Recycling 7942 | -8/Recycling | Scanned before Scraplab entrance 7978 | -8/Recycling | Entered Scraplab 7998 | -8/Recycling | Discovered new exit (range 3) 8038 | -8/Recycling | Entered Scraptown 8038 | -8/Scraptown | System corruption cleaned by C-Scrubber 8062 | -8/Scraptown | Heard Great Nut preacher, LISTEN AND RECITE! 8266 | -8/Scraptown | Build established: Mutant 8932 | -8/Scraptown | Discovered new exit (range 5) 9120 | -8/Scraptown | Visited Symbiants 9193 | -8/Scraptown | Visited Spacefarers 9328 | -8/Scraptown | Visited Cyclists 9780 | -8/Scraptown | Visited Assassins FH 9903 | -8/Scraptown | Visited Supply Room 9935 | -8/Scraptown | Visited Cave Peace 10008 | -8/Scraptown | Visited Science Testing Area 10054 | -8/Scraptown | Visited UFD Registry 10054 | -8/Scraptown | Registered with UFD as "Zeroplate" 10149 | -8/Scraptown | Entered Cyclist Reading Room 10285 | -8/Scraptown | Visited Chapter 10 10365 | -8/Scraptown | Visited Curators Association 10417 | -8/Scraptown | Visited LU-1G1's Boring Crew 10895 | -8/Scraptown | Visited Sword Containment 10935 | -8/Scraptown | Visited Derelict Rescue Squad 10956 | -8/Scraptown | Found DRS Beacon 11001 | -8/Scraptown | Visited Abandonware Association 11032 | -8/Scraptown | Learned abandonware demo "SHUTEYE.EXE" 11032 | -8/Scraptown | Learned abandonware demo "ERRANTS.EXE" 11088 | -8/Scraptown | Visited Science Guys 11230 | -8/Scraptown | Discovered new exit (range 3) 11463 | -8/Scraptown | Visited A0-MCA Data Center 11477 | -8/Scraptown | Given a B rating by A0-MCA 11482 | -8/Scraptown | Found A0-MCA's Component Scanner 11530 | -8/Scraptown | Visited Research Penetration Think Tank 11587 | -8/Scraptown | Visited Botcube Research 11607 | -8/Scraptown | Found Lrg. Botcube 11888 | -8/Scraptown | Met Optimus 11888 | -8/Scraptown | Accepted into 0bPrime 12076 | -8/Scraptown | Entered Factory 12076 | -6/Factory | Evolved 4 slots: Power x1, Propulsion x1, Utility x2 12529 | -6/Factory | Build established: Tank 12543 | -6/Factory | Discovered new exit (range 7) 12583 | -6/Factory | Loaded intel: 8 recycling unit locations 12654 | -6/Factory | Identified exit to Lower Caves 12654 | -6/Factory | Identified exit to Extension 12866 | -6/Factory | Repaired Adv. Treads 13363 | -6/Factory | Entered Extension 14215 | -6/Extension | Lost 3 allies 14754 | -6/Extension | Rescued A7 14768 | -6/Extension | Energy Cycler disabled 14768 | -6/Extension | Rescued a captive Derelict 14769 | -6/Extension | Rescued a captive Derelict 14770 | -6/Extension | Rescued a captive Derelict 14778 | -6/Extension | Rescued a captive Derelict 15290 | -6/Extension | Discovered new exit (range 10) 15292 | -6/Extension | Discovered new exit (range 6) 15408 | -6/Extension | Entered Cetus 15408 | -6/Cetus | Accompanied by 6 allies (A7) 15413 | -6/Cetus | Acquired a Cetus Manufacturing Module code from A7 15437 | -6/Cetus | Spotted Cetus Guard 15437 | -6/Cetus | Spotted Cetus Guard 15440 | -6/Cetus | Spotted Cetus Guard 15440 | -6/Cetus | Spotted Cetus Guard 15453 | -6/Cetus | Destroyed Cetus Guard 15457 | -6/Cetus | Allies destroyed Cetus Guard 15462 | -6/Cetus | Allies destroyed Cetus Guard 15464 | -6/Cetus | Allies destroyed Cetus Guard 15493 | -6/Cetus | Lost 5 allies 15584 | -6/Cetus | Started Cetus Manufacturing Module 15609 | -6/Cetus | Manufactured an Enhanced Grunt 15634 | -6/Cetus | Manufactured an Enhanced Grunt 15659 | -6/Cetus | Manufactured an Enhanced Grunt 15675 | -6/Cetus | Discovered new exit (range 16) 15684 | -6/Cetus | Manufactured an Enhanced Grunt 15705 | -6/Cetus | Spotted Cetus Guard 15705 | -6/Cetus | Spotted Cetus Guard 15709 | -6/Cetus | Manufactured an Enhanced Grunt 15709 | -6/Cetus | Spotted Cetus Guard 15711 | -6/Cetus | Spotted Cetus Guard 15718 | -6/Cetus | Destroyed Cetus Guard 15720 | -6/Cetus | Allies destroyed Cetus Guard 15727 | -6/Cetus | Allies destroyed Cetus Guard 15729 | -6/Cetus | Allies destroyed Cetus Guard 15742 | -6/Cetus | Discovered new exit (range 16) 15756 | -6/Cetus | Met Revision 17 15774 | -6/Cetus | System corruption reached 10% 15841 | -6/Cetus | Escorted A7 to Cetus Mainframe 15883 | -6/Cetus | Found a strange terminal 15937 | -6/Cetus | Entered Archives 15937 | -6/Archives | Accompanied by 6 allies (A7) 15942 | -6/Archives | Received a hacking code to weaken MAIN.C 16024 | -6/Archives | Build established: Scavenger-Tank 16027 | -6/Archives | Discovered new exit (range 16) 16109 | -6/Archives | Discovered new exit (range 15) 16393 | -6/Archives | Discovered new exit (range 13) 16663 | -6/Archives | Build established: Scavenger-Mutant 16751 | -6/Archives | Entered Hub_04(d) 16751 | -6/Hub_04(d) | Accompanied by 5 allies 16759 | -6/Hub_04(d) | Discovered new exit (range 16) 17135 | -6/Hub_04(d) | Build established: Scavenger-Tank 17326 | -6/Hub_04(d) | Discovered new exit (range 8) 17344 | -6/Hub_04(d) | Network Hub disabled 17348 | -6/Hub_04(d) | Spotted Lightning 17349 | -6/Hub_04(d) | Spotted Lightning 17349 | -6/Hub_04(d) | Spotted Lightning 17360 | -6/Hub_04(d) | Entered Factory 17360 | -5/Factory | Accompanied by 1 ally 17360 | -5/Factory | Evolved 2 slots: Utility x2 17831 | -5/Factory | Loaded intel: 8 recycling unit locations 17831 | -5/Factory | Learned location of Protoforge (-2) 17840 | -5/Factory | Discovered new exit (range 12) 18284 | -5/Factory | Lost 9 parts (2p2n3u2w) 18478 | -5/Factory | Discovered new exit (range 4) 18495 | -5/Factory | Entered Upper Caves 18890 | -5/Upper Caves | Learned 4 Factory zone layouts 19302 | -5/Upper Caves | System corruption reached 10% 19358 | -5/Upper Caves | Lost 13 parts (1p3n5u4w) 19364 | -5/Upper Caves | Learned Research trap positions 19364 | -5/Upper Caves | Learned Research emergency access door positions 19395 | -5/Upper Caves | Discovered new exit (range 9) 19430 | -5/Upper Caves | Entered another Upper Caves area 19462 | -5/Upper Caves | Attracted the attention of an 0b10 outpost 19480 | -5/Upper Caves | Core integrity fell below 50% 19537 | -5/Upper Caves | Activated DRS Beacon 19567 | -5/Upper Caves | Lost 10 parts (2p2n4u2w) 19606 | -5/Upper Caves | Lost 3 allies 19622 | -5/Upper Caves | Core integrity fell below 20% 19627 | -5/Upper Caves | Encountered a Warlord checkpoint 19667 | -5/Upper Caves | Destroyed by S-27 Virus with Autogun Last Messages --------------- 19566_ Acquired Wave Gun. 19571_ System corrupted: Heat flow error (+117). 19586_ CO1VML/D>G